[Event "*** Titled Tuesday Blitz"]
[Site "Chess.com"]
[Date "2019.05.07"]
[Round "2"]
[White "gemarin"]
[Black "kinga2008"]
[Result "0-1"]
[WhiteElo "2076"]
[BlackElo "1941"]
[TimeControl "180+2"]
[EndTime "13:26:14 PDT"]
[Termination "kinga2008 won on time"]

1. d4 Nf6 2. c4 g6 3. Nc3 Bg7 4.
e4 d6 5. Nf3 O-O 6. Be2 e5 7.
d5 Ne8 8. Bg5 f6 9. Bh4 Nd7 10.
Nd2 c5 11. dxc6 bxc6 12. Rc1 Qb6 13. b3 Nc5 14. O-O Ne6 15. Na4 Qc7 16. c5 d5 17. Bg3 Bd7 18. f4 exf4 19. Bf2 Rd8 20. exd5 cxd5 21. c6 Bxc6 22. Bb5 Rd6 23. Nf3 Qd7 24.
Bxc6 Rxc6 25. Rxc6 Qxc6 26. Nd4 Nxd4 27. Qxd4 Qd7 28. Rd1 Nc7 29. Qxf4 Ne6 30. Qb4 Rd8 31. Nc5 Nxc5 32. Qxc5 Bf8 33. Qxa7 Qxa7 34. Bxa7 Ra8 35. Bb6 Rxa2 36. Rxd5 Rb2 37. Rd3 Kf7 38. Rf3 f5 39.
Rd3 Ke6 40. Kf1 Bd6 41. Bd4 Rb1+ 42. Kf2 Bxh2 43. Ke2 Bg1 44. Bg7 h5 45. Kd2 Bc5 46.
Kc2 Re1 47. Rd2 Rf1 48. Bc3 Rf2 49. Rxf2 Bxf2 50. Kd3 Kd5 51. Bd2 Bh4 52. Be3 g5 53. b4 f4 54. Bg1 Be1 55. b5 Ba5 56. Bd4 g4 57. Bf2 f3 58. gxf3 gxf3 59. Ke3 Bb6+ 60. Kxf3 Bxf2 61. Kxf2 h4 62. Kf3 h3 0-1

[Event "*** Titled Tuesday Blitz"]
[Site "Chess.com"]
[Date "2019.05.07"]
[Round "2"]
[White "GrigorGrigorov"]
[Black "wannabe2700"]
[Result "1-0"]
[WhiteElo "2829"]
[BlackElo "2602"]
[TimeControl "180+2"]
[EndTime "13:26:15 PDT"]
[Termination "GrigorGrigorov won by resignation"]

1. d4 Nf6 2. c4 e6 3. Nf3 d5 4. g3 Be7 5. Bg2 O-O 6. O-O dxc4 7. Qc2 b5 8. a4 b4 9. Ne5 Qxd4 10. Nxc4 Nd5 11. Nbd2 Ba6 12. Rd1 Nd7 13. e3 Qc5 14. b3 Bf6 15. Ne4 Qe7 16. Nxf6+ N7xf6 17. Bb2 c5 18. Rac1 Rac8 19. Be5 Rfd8 20. Nd6 Rc6 21. Nc4 Rcc8 22.
h3 h6 23. g4 Bxc4 24. Qxc4 a5 25. Qb5 Qa7 26. e4 Nc3 27. Rxd8+ Rxd8 28. Bxc3 bxc3 29.
Qc4 Rd4 30. Qxc3 Nxe4 31. Qc2 f5 32. gxf5 exf5 33. Bxe4 Rxe4 34. Qxc5 Re1+ 35. Kg2 Qb7+ 36. Qc6 Qxc6+ 37. Rxc6 Rb1 38. Rc5 Rxb3 39. Rxf5 Ra3 40. Rxa5 g5 41. Ra7 Rb3 42. a5 Ra3 43. a6 Kh8 44. f3 Kg8 45. Kg3 Ra4 46. Kf2 Ra3 47. Ke2 Kh8 48. Kd2 Kg8 49. Kc2 h5 50. Kb2 Ra5 51.
Kb3 Ra1 52. Kc4 Ra5 53. Kb4 Ra1 54. Kb5 Rb1+ 55. Kc5 Rc1+ 56. Kd5 Ra1 57. Ke6 Ra3 58. Ke5 Kh8 59. Ke4 Kg8 60. Ke5 Kh8 61. Kf6 Rxf3+ 62.
Kg6 Rf8 63. Rb7 Rc8 64. a7 Rc6+ 65. Kxg5 Ra6 66. Rb8+ Kg7 67. a8=Q Rxa8 68. Rxa8 1-0

[Event "*** Titled Tuesday Blitz"]
[Site "Chess.com"]
[Date "2019.05.07"]
[Round "2"]
[White "AndrewMcStone"]
[Black "FearNoEvil12"]
[Result "1-0"]
[WhiteElo "2118"]
[BlackElo "2005"]
[TimeControl "180+2"]
[EndTime "13:26:19 PDT"]
[Termination "AndrewMcStone won by resignation"]

1. d4 b5 2. e4 a6 3. Bd3 Bb7 4. Nf3 e6 5. O-O Nf6 6. Qe2 d6 7. Bg5 h6 8. Bh4 g5 9. Bg3 Nbd7 10. e5 Nd5 11. Re1 Rg8 12. exd6 cxd6 13. c4 bxc4 14. Bxc4 h5 15. h4 gxh4 16. Bxh4 Be7 17. Bxe7 Qxe7 18. Nc3 Rxg2+ 19. Kf1 Nf4 20. Qe3 Rg4 21. d5 e5 22. Ne4 f5 23. Ng3 Qf7 24. Nd4 h4 25. Ngxf5 Qg6 26. f3 Rg5 27. Nxd6+ Kf8 28. Nxb7 h3 29.
Ne6+ Ke7 30. Nxg5 Qxg5 31. d6+ Kf8 32. Qf2 Kg7 33. Re4 Rh8 34. Qh2 Qg2+ 35. Qxg2+ hxg2+ 36. Kf2 Rh1 37. Rg1 Nh3+ 38. Kxg2 Rxg1+ 39. Kxh3 Rb1 40. b3 Rb2 41. Rg4+ Kf6 42. Rg2 Rb1 43. Bd3 Rd1 44.
Rg6+ Kf7 45. Be4 Nf6 46. Rh6 Rh1+ 47. Kg3 Rxh6 48. Nc5 Nxe4+ 49. Nxe4 Ke6 50. Kf2 Kd5 51. Ke3 Rh2 52. a4 Rb2 53. d7 Rxb3+ 54. Nc3+ Rxc3+ 55. Kd2 Rxf3 56. d8=Q+ Ke4 57. Qa8+ Kf4 58. Qxa6 e4 59. Qf6+ Kg4 60. Qe6+ Kf4 61. a5 Rd3+ 62. Ke2 Re3+ 63. Kd2 Rd3+ 64. Kc2 Rg3 65. a6 e3 66. a7 Rg2+ 67. Kd3 Rd2+ 68. Kc3 Rd8 69. Qf6+ Ke4 70. Qxd8 1-0

[Event "*** Titled Tuesday Blitz"]
[Site "Chess.com"]
[Date "2019.05.07"]
[Round "2"]
[White "Der_Honigdachs"]
[Black "Zq1"]
[Result "0-1"]
[WhiteElo "2346"]
[BlackElo "2508"]
[TimeControl "180+2"]
[EndTime "13:26:21 PDT"]
[Termination "Zq1 won by resignation"]

1. d4 Nf6 2. c4 a6 3. g3 c5 4. dxc5 e6 5. Nc3 Bxc5 6. Bg2 O-O 7.
Nf3 d5 8. cxd5 exd5 9. O-O Nc6 10. b3 d4 11. Na4 Ba7 12. Nb2 Nd5 13. Qc2 Re8 14. a3 g6 15. Nd3 Nc3 16. Re1 Bf5 17. Bb2 Rc8 18. Nh4 Be4 19. Rac1 Bxg2 20. Nxg2 Ne5 21.
Nxe5 Rxe5 22. Qd3 Qe8 23. e3 dxe3 24. Nxe3 Bxe3 25. fxe3 Rd5 26. Qc2 Rdc5 27. b4 R5c6 28. Bxc3 Rxc3 29. Qxc3 Rxc3 30. Rxc3 Qe4 31. Rec1 Kg7 32.
R1c2 h5 33. Kf2 Qh1 34. h4 Qh2+ 35. Kf3 Qg1 36. e4 Qf1+ 37. Ke3 Qe1+ 38. Kd4 Qd1+ 39. Kc5 Qg1+ 40. Kd5 Qb6 41. Kc4 a5 42. bxa5 Qxa5 43. Kd3 b5 44. Rb2 Qd8+ 45. Kc2 Qd7 46. Rb4 Qe8 47.
Rc5 Qa8 48. Kb2 Qd8 49. Rc3 Qd2+ 50. Kb3 Qe2 51. Rd4 Qe1 52. Kb4 Qf2 53. Kc5 Qb2 54. Rcd3 Kf6 55. Rb4 Qc2+ 56. Kd4 Qc6 57. e5+ Ke6 58.
Re3 Qd5+ 59. Kc3 Qc5+ 60. Kd3 Qd5+ 61. Kc3 Qc6+ 62. Kd3 Qc5 63. Kd2 Qd5+ 64. Rd3 Qg2+ 65.
Kc3 Qc6+ 66. Kd4 Qd5+ 67. Kc3 Qc5+ 68. Kd2 Kxe5 69. Re3+ Kf6 70. Rf4+ Kg7 71. Ref3 f5 72. Rb4 Qd5+ 73. Rd3 Qg2+ 74. Kc3 Qc6+ 75. Kb3 Kh6 76. Rc3 Qe6+ 77. Kb2 Qe2+ 78. Kb3 Qe6+ 79.
Kb2 Qe7 80. Rxb5 Qe2+ 0-1

[Event "*** Titled Tuesday Blitz"]
[Site "Chess.com"]
[Date "2019.05.07"]
[Round "2"]
[White "Elshan1985"]
[Black "Tash_Boy"]
[Result "1-0"]
[WhiteElo "2774"]
[BlackElo "2625"]
[TimeControl "180+2"]
[EndTime "13:26:24 PDT"]
[Termination "Elshan1985 won by resignation"]

1. d4 Nf6 2. c4 g6 3. Nf3 Bg7 4. g3 d6 5. Bg2 O-O 6. O-O Nc6 7. Nc3 Bg4 8. d5 Na5 9. Nd2 c5 10. Qc2 a6 11. h3 Bd7 12. b3 b5 13. Rb1 Rb8 14. Bb2 Qc7 15. Ba1 Rfc8 16. e4 e5 17. dxe6 Bxe6 18. Nd5 Nxd5 19. Bxg7 Kxg7 20. cxd5 Bd7 21. Kh2 Nb7 22. Rbc1 Nd8 23. Qb2+ f6 24. f4 Nf7 25. Nf3 Re8 26. Rfe1 Re7 27. g4 h6 28. g5 hxg5 29. fxg5 Ne5 30. gxf6+ Kxf6 31. Rf1 Kg7 32. Nxe5 Rxe5 33. Qf2 Qd8 34. Qf7+ Kh6 35. Qf6 Qe7 36.
Rc3 Rg8 37. Qxe7 Rxe7 38. Rf6 Rc8 39. Rxd6 c4 40. Rxa6 Kg5 41. bxc4 bxc4 42. Ra7 Kf4 43. d6 Rh7 44. Rc7 Ra8 45. a3 Ke5 46. R7xc4 Ra6 47.
Rd3 g5 48. Rc5+ Kf6 49. e5+ Ke6 50. Rg3 Rg7 51. h4 g4 52. Bh3 Ra4 53. h5 Kf5 54. Bf1 Be6 55. Bd3+ Kf4 56. Bc2 Rd4 57. h6 Rf7 58. h7 Rd2+ 59. Rg2 g3+ 60. Kg1 Rxg2+ 61. Kxg2 Rf8 62. a4 Rb8 63. a5 Ra8 64. a6 Kg4 65. a7 Kh4 66. Rc7 Bh3+ 67. Kg1 Rf8 68. Rf7 Rxf7 69.
h8=Q+ Kg4 70. Qf6 1-0

[Event "*** Titled Tuesday Blitz"]
[Site "Chess.com"]
[Date "2019.05.07"]
[Round "2"]
[White "fastestmindalive"]
[Black "JonahWillow"]
[Result "0-1"]
[WhiteElo "2642"]
[BlackElo "2724"]
[TimeControl "180+2"]
[EndTime "13:26:27 PDT"]
[Termination "JonahWillow won by resignation"]

1. e4 c5 2. Nc3 Nc6 3. Bb5 Nd4 4.
Nf3 e6 5. O-O a6 6. Bd3 Nc6 7.
a4 d5 8. exd5 exd5 9. Re1+ Be7 10.
b3 Nf6 11. Bb2 O-O 12. Bf1 Bg4 13. h3 Bh5 14. g4 Bg6 15. d3 Re8 16. Bg2 d4 17. Ne4 Nd5 18. Qd2 Qc7 19. h4 h6 20.
h5 Bh7 21. g5 hxg5 22. Nexg5 Qf4 23. Nxh7 Kxh7 24. Qxf4 Nxf4 25. Ba3 Rac8 26. Ne5 Nxg2 27. Kxg2 Nxe5 28. Rxe5 Bf6 29. Rxe8 Rxe8 30. Bxc5 Re5 31.
b4 Rxh5 32. Rh1 Rxh1 33. Kxh1 Kg6 34. Kg2 Kf5 35. Kf3 g5 36. b5 axb5 37. axb5 g4+ 38. Ke2 Kf4 39. Bd6+ Be5 40. Bf8 Kf5 41. Bh6 Bf4 42.
Bg7 Be5 43. Bh6 f6 44. Bf8 Kf4 45. Bh6+ Kf5 46. Bf8 Bf4 47. Kf1 Bd2 48. Kg2 Ba5 49. Kg3 Bc7+ 50. Kg2 Kg5 51. Bc5 Be5 52. Be7 Kf5 53.
Bf8 Kf4 54. Bg7 Kg5 55. Bf8 f5 56. Be7+ Bf6 57. Bd6 f4 58. f3 g3 59. Kh3 Kf5 60.
Bc7 Be5 61. Bb6 Ke6 62. Ba7 Kd5 63. Kg2 Bc7 64. Kh3 b6 65. Kg2 Ke6 66. Kh3 Kd7 0-1

[Event "*** Titled Tuesday Blitz"]
[Site "Chess.com"]
[Date "2019.05.07"]
[Round "2"]
[White "AryanTari"]
[Black "Doraemon7"]
[Result "1-0"]
[WhiteElo "2864"]
[BlackElo "2599"]
[TimeControl "180+2"]
[EndTime "13:26:30 PDT"]
[Termination "AryanTari won by resignation"]

1. e4 e5 2. Nf3 Nc6 3. Bb5 f5 4. d3 fxe4 5. dxe4 Nf6 6. O-O Bc5 7. Bxc6 bxc6 8. Nxe5 O-O 9. Nd3 Nxe4 10. Nd2 Nxd2 11. Bxd2 Bd4 12. Qg4 Bf6 13. Rae1 Kh8 14. Qg3 d6 15. Re2 Bf5 16. Rfe1 Rb8 17. b3 Qd7 18. h3 Rf7 19. Bg5 Bxd3 20. cxd3 Qf5 21.
Re8+ Rf8 22. Rxb8 Rxb8 23. Bxf6 Qxf6 24. Qg4 Rf8 25. Re2 h6 26. Qe4 c5 27. g3 a5 28.
Kg2 Qc3 29. Qe7 Rc8 30. Re3 Qd4 31. Rf3 Qd5 32. g4 a4 33. bxa4 Qxa2 34. Qd7 Ra8 35. Qxc7 Qd5 36. Qf7 Qxf7 37. Rxf7 Rxa4 38. Kf3 Rd4 39.
Ke3 Kg8 40. Rd7 Kh7 41. f3 Kg6 42. h4 Kf6 43. h5 g6 44. Rh7 gxh5 45. Rxh6+ Kg5 46.
Rxh5+ Kg6 47. f4 Kf6 48. Rh6+ Kg7 49. Re6 Kf7 50. Re4 Rd5 51. f5 Kf6 52. Re6+ Kf7 53. Rh6 Kg7 54. Rg6+ Kf7 55. Re6 Rd4 56. Re4 Rd5 57. Re6 Kg7 58. Kf4 Rxd3 59. Kg5 Rd5 60. Re7+ Kf8 61. Rc7 Rd4 62. Kf6 Ke8 63. g5 Kd8 64.
Ra7 c4 65. g6 Rg4 66. g7 1-0

[Event "*** Titled Tuesday Blitz"]
[Site "Chess.com"]
[Date "2019.05.07"]
[Round "2"]
[White "WPWPWP-2015"]
[Black "FancyPlaySyndrome"]
[Result "0-1"]
[WhiteElo "2387"]
[BlackElo "2524"]
[TimeControl "180+2"]
[EndTime "13:26:37 PDT"]
[Termination "FancyPlaySyndrome won by resignation"]

1. e4 c5 2. Nf3 d6 3. Bb5+ Bd7 4.
a4 Nc6 5. O-O g6 6. c3 Bg7 7. d4 Nf6 8. Re1 O-O 9. d5 Nb8 10.
Bf1 Bg4 11. h3 Bxf3 12. Qxf3 Nfd7 13. Na3 Na6 14. Qd1 Nc7 15. Nc4 b6 16. f4 a6 17.
a5 b5 18. Nb6 Nxb6 19. axb6 Ne8 20. b7 Rb8 21. Rxa6 Rxb7 22. e5 dxe5 23. fxe5 Nc7 24. Rc6 c4 25. d6 Ne6 26. Qd5 exd6 27. exd6 Qd7 28. Be2 h5 29. Bf3 Rbb8 30. Qd1 Rfc8 31. Qd5 Bf8 32. Ra6 Rc5 33. Qd1 Rd8 34. Be3 Re5 35. Bf2 Rxe1+ 36. Qxe1 Bxd6 37. Bc6 Qc8 38. Bxb5 Bc5 39. Ra1 Nf4 40. Bxc5 Qxc5+ 41. Qf2 Qxf2+ 42. Kxf2 Nd3+ 43. Ke2 Ne5 44. Ra4 Rc8 45. Ke3 f6 46. Kd4 Rd8+ 47. Kc5 Kg7 48. Bxc4 Rd2 49. b4 Rc2 50. Kd4 Rxg2 51. Bd5 Rd2+ 52. Kc5 Nd3+ 53. Kb5 Nxb4 54. Be4 Nd5 55. Ra7+ Kh6 56. Bxd5 Rxd5+ 57. Kc6 Rd3 58. c4 Rxh3 59. c5 Rc3 60. Ra4 g5 61. Kd5 g4 62. Ra6 Kg5 63. Ra8 f5 64. Rg8+ Kf4 65.
Rh8 g3 66. Rxh5 g2 67. Rh4+ Kg3 68. Rh8 Rxc5+ 69. Kxc5 g1=Q+ 70. Kd5 Qd1+ 71. Ke5 f4 72.
Rg8+ Qg4 73. Rxg4+ Kxg4 0-1

[Event "*** Titled Tuesday Blitz"]
[Site "Chess.com"]
[Date "2019.05.07"]
[Round "2"]
[White "Shahinyan_ChessMood"]
[Black "DoHoChess"]
[Result "1-0"]
[WhiteElo "2742"]
[BlackElo "2537"]
[TimeControl "180+2"]
[EndTime "13:26:42 PDT"]
[Termination "Shahinyan_ChessMood won by resignation"]

1. c4 e6 2. Nf3 d5 3. g3 d4 4. Bg2 Nc6 5. O-O Nh6 6. a3 a5 7. d3 Nf5 8. Nbd2 h5 9. h3 h4 10. g4 Nfe7 11. Rb1 Ng6 12. Ne4 f5 13. gxf5 exf5 14. Neg5 Be7 15. b4 axb4 16. axb4 Rh5 17. b5 Nb8 18. e4 Bxg5 19. exf5 Bxc1 20. Re1+ Kf8 21. Ne5 Rxf5 22. Nxg6+ Kf7 23. Ne5+ Rxe5 24. Rxe5 Bf4 25. Qh5+ Kf6 26. Rbe1 Bxe5 27. Qxh4+ g5 28. Qh6+ Kf7 29. Bd5+ Qxd5 30. cxd5 Nd7 31. Qe6+ Kg7 32.
Rxe5 Nxe5 33. Qxe5+ Kg6 34. Qxc7 Bf5 35. Qb6+ Kh5 36.
Qxd4 Ra1+ 37. Kg2 Rd1 38. Qh8+ Kg6 39. Qg8+ Kh6 40. Qf8+ Kg6 41. Qe8+ Kh6 42. Qf8+ Kg6 43. Qg8+ Kh6 44. d6 Rxd3 45. Qf8+ Kg6 46. Qe8+ Kh6 47. Qf8+ Kg6 48. b6 Be4+ 49. Kh2 Bf5 50. Qe8+ Kh6 51. Qf8+ Kg6 52. Qe7 Rxh3+ 53. Kg2 Rh7 54. Qe8+ Kh6 55. f3 Bd7 56. Qf8+ Kg6 57. Kg3 Rf7 58. Qg8+ Kf6 59.
Qd8+ Kg6 60. Qb8 Bc6 61. Qg8+ Kf6 62. Kg4 Bd7+ 63. Kh5 Bf5 64. Qxg5+ Ke6 65. Qd8 Rd7 66. Qf8 Rf7 67. Qb8 Kf6 68. Qh8+ Ke6 69. Kg5 Kxd6 70. Qd8+ Ke6 71. Qc8+ Ke5 72. f4+ Ke4 73. Qc4+ 1-0

[Event "*** Titled Tuesday Blitz"]
[Site "Chess.com"]
[Date "2019.05.07"]
[Round "2"]
[White "Ambitiousresolutions"]
[Black "Berardino"]
[Result "1-0"]
[WhiteElo "2698"]
[BlackElo "2498"]
[TimeControl "180+2"]
[EndTime "13:26:51 PDT"]
[Termination "Ambitiousresolutions won by resignation"]

1. e4 c5 2. Nf3 b6 3. d4 cxd4 4. Nxd4 Bb7 5. Bd3 Nc6 6. Nxc6 Bxc6 7. c4 e6 8. Qe2 Bc5 9. Nc3 Qh4 10. Be3 Nf6 11. g3 Qh5 12. Qxh5 Nxh5 13. Ke2 Nf6 14. f3 d6 15. Bc2 Nd7 16. Ba4 Bxa4 17. Nxa4 Bxe3 18. Kxe3 Ke7 19. Rac1 Rhc8 20. Rhd1 a6 21. b3 Rc6 22. Nc3 Rac8 23. a4 Nf6 24. Rd3 Nd7 25. Rd2 Nf6 26. Rcd1 Ne8 27. Ne2 Rc5 28. Nc3 R5c6 29. h4 h5 30. Rd3 g6 31. Ne2 Rc5 32. Nc3 R5c6 33. Na2 Rc5 34. Nb4 Ra8 35. R3d2 b5 36. Nd3 Rc7 37. Nb2 Rb8 38. cxb5 axb5 39. a5 Rc3+ 40. Rd3 Rxd3+ 41. Nxd3 Nc7 42.
Rc1 Na6 43. Rc6 Ra8 44. b4 Kd7 45. Rb6 Kc7 46. Rxb5 Nb8 47. e5 Nd7 48. exd6+ Kc6 49. Rg5 Kxd6 50. Nc5 Nf6 51. Ne4+ Nxe4 52. Kxe4 f5+ 53.
Ke3 Rb8 54. Rxg6 Rxb4 55. Rg8 Ra4 56. Ra8 Ke7 57. Ra7+ Kf6 58. Ra8 Kg7 59. a6 Kf6 60.
Kd3 Ra3+ 61. Ke2 Kg7 62. a7 Kh7 63. f4 Kg7 64. Kd2 Kh7 65. Kc2 Kg7 66. Kb2 Ra6 67. Kc3 Ra1 68. Kc4 Ra2 69. Kc5 Ra6 70. Kb5 Ra1 71.
Kc6 Kh7 72. Kd7 Ra6 73. Kc7 Ra1 74. Kd6 Ra6+ 75. Kd7 Kg7 76. Ke7 Kh7 77. Kf7 Ra5 78.
Kxe6 Kg7 79. Rd8 Rxa7 80. Rd7+ Rxd7 81. Kxd7 Kh7 82. Kd6 Kh6 83. Ke6 Kg6 84. Ke5 1-0

[Event "*** Titled Tuesday Blitz"]
[Site "Chess.com"]
[Date "2019.05.07"]
[Round "2"]
[White "Swarnapuri"]
[Black "Gubajdullin"]
[Result "0-1"]
[WhiteElo "2685"]
[BlackElo "2546"]
[TimeControl "180+2"]
[EndTime "13:26:59 PDT"]
[Termination "Gubajdullin won by checkmate"]

1. d4 d5 2. Bf4 Nf6 3. e3 c5 4. c3 Nc6 5. Nd2 Bf5 6. Ngf3 Qb6 7. Nh4 Bg4 8. Qb3 c4 9. Qc2 g6 10. h3 Be6 11. Nhf3 Bg7 12. e4 Nxe4 13. Nxe4 dxe4 14. Nd2 Na5 15. Be3 Bd5 16. b4 cxb3 17. axb3 O-O 18. c4 Be6 19. d5 Qc7 20. Rxa5 Qxa5 21. dxe6 f5 22. g3 Rfd8 23. g4 f4 24. Bxf4 Bc3 25.
Bg2 Rd4 26. O-O Bxd2 27. Bxd2 Qxd2 28. Qxd2 Rxd2 29. Bxe4 Rb8 30. Ra1 a6 31. Bd5 g5 32.
Ra5 b6 33. Rxa6 Kg7 34. Kg2 Rf8 35. Rxb6 Rfxf2+ 36. Kg3 Rfe2 37. Kf3 Rh2 38. Kg3 Rhe2 39. Kf3 Rh2 40. Rb8 Rxh3+ 41. Ke4 Rg3 42. Re8 Rxg4+ 43. Ke3 Rb2 44. Rxe7+ Kg6 45. Rb7 Rg1 46. e7 Re1+ 47. Kd3 Kf6 48. Be4 Rxe4 49. Kxe4 Re2+ 50. Kd5 Rxe7 51. Rb8 Rd7+ 52. Ke4 Re7+ 53. Kd4 g4 54. c5 Rd7+ 55. Ke4 Rd1 56. Rg8 h5 57. c6 Rc1 58.
Kd5 Kf5 59. b4 h4 60. b5 h3 61. b6 h2 62. Rh8 g3 63. c7 g2 64. Rf8+ Kg4 65. Rg8+ Kf3 66. Rf8+ Ke2 67. b7 g1=Q 68. Re8+ Kd2 69. c8=Q h1=Q+ 70. Kd6 Qhh2+ 71. Ke6 Qg4+ 72. Ke7 Qh7+ 73. Kf6 Qgg6+ 74. Ke5 Qe4+ 75. Kf6 Qhg6# 0-1

[Event "*** Titled Tuesday Blitz"]
[Site "Chess.com"]
[Date "2019.05.07"]
[Round "2"]
[White "2165149677570"]
[Black "PulpanJ"]
[Result "1-0"]
[WhiteElo "2338"]
[BlackElo "2557"]
[TimeControl "180+2"]
[EndTime "13:27:55 PDT"]
[Termination "2165149677570 won by checkmate"]

1. e4 e5 2. Nf3 Nc6 3. Bb5 Nf6 4. O-O Nxe4 5. Re1 Nd6 6. Nxe5 Be7 7. Bf1 Nxe5 8.
Rxe5 O-O 9. d4 Bf6 10. Re1 Re8 11. c3 Rxe1 12. Qxe1 Ne8 13. Nd2 d5 14. Nf3 g6 15.
Bd3 Ng7 16. h3 c6 17. Bf4 Bf5 18. Bf1 Qb6 19. b4 a5 20. a3 Re8 21. Qd2 Ne6 22.
Be5 Bxe5 23. Nxe5 Qc7 24. g4 Be4 25. f3 f6 26. fxe4 fxe5 27. exd5 Nf4 28. dxc6 e4 29. Qe3 Nd5 30. Bc4 bxc6 31. Rf1 Kg7 32. Bxd5 cxd5 33. bxa5 Ra8 34. Qf2 Qe7 35. Qb2 Rxa5 36. Qb4 Qxb4 37. axb4 Ra3 38. Rc1 Ra2 39. c4 Rb2 40. c5 Rxb4 41.
c6 Rb8 42. Kf2 Kf6 43. Ke3 g5 44. h4 h6 45. hxg5+ hxg5 46. c7 Rc8 47. Rc6+ Ke7 48.
Rg6 Rxc7 49. Rxg5 Kd6 50. Rg6+ Kd7 51. Kf4 Rc8 52. Rg7+ Ke6 53. Rg6+ Kf7 54. Rd6 Re8 55. Ke3 Rg8 56. Kf4 Re8 57. Ke3 Rg8 58. Rxd5 Rxg4 59.
Re5 Kf6 60. Rxe4 Rg1 61. Kd3 Kf5 62. Re8 Rc1 63. d5 Kf6 64. Kd4 Kf7 65. Re2 Rd1+ 66. Kc5 Rc1+ 67. Kd6 Ra1 68. Kc6 Ra6+ 69. Kb5 Rd6 70. Kc5 Rd8 71. d6 Rc8+ 72. Kb6 Rc1 73. d7 Rd1 74. Kc7 Rc1+ 75. Kd8 Rd1 76. Rf2+ Kg7 77.
Rf4 Rd2 78. Ke7 Re2+ 79. Kd6 Rd2+ 80. Ke6 Rd1 81. Rf5 Re1+ 82. Kd6 Rd1+ 83. Rd5 Rf1 84. d8=Q Rf7 85. Rg5+ Kh6 86. Rg1 Rf4 87. Qh8# 1-0

[Event "*** Titled Tuesday Blitz"]
[Site "Chess.com"]
[Date "2019.05.07"]
[Round "2"]
[White "PowerThinking2650"]
[Black "ChristopherYoo"]
[Result "0-1"]
[WhiteElo "2372"]
[BlackElo "2708"]
[TimeControl "180+2"]
[EndTime "13:28:09 PDT"]
[Termination "ChristopherYoo won on time"]

1. e4 e5 2. Nf3 Nc6 3. Nc3 Nf6 4. d4 exd4 5. Nxd4 Bb4 6. Nxc6 bxc6 7. Bd3 O-O 8. O-O d5 9. exd5 cxd5 10. Bg5 c6 11. Qf3 h6 12. Bxf6 Qxf6 13. Qxf6 gxf6 14. Ne2 Bd6 15.
Ng3 Rb8 16. b3 Re8 17. Nf5 Bf8 18. g4 Rb4 19. h3 h5 20. f3 Bxf5 21. Bxf5 Bc5+ 22.
Kh1 Rf4 23. Bd3 Re3 24. Kg2 Bd4 25. Rae1 Rfxf3 26. Rxf3 Rxe1 27. gxh5 Rg1+ 28. Kh2 Rg5 29. Bf5 Rxh5 30. Bd7 c5 31. Rf5 Be5+ 32. Kg2 Rh6 33. Rf3 Rg6+ 34. Bg4 Kf8 35. Rf5 d4 36. Kf3 Ke7 37.
Ke4 Kd6 38. Kd3 Rh6 39. Kc4 Rh8 40. Rf3 Rb8 41. a3 a5 42. Bf5 Kc6 43. Be4+ Kd6 44. h4 Rh8 45. Rh3 Bf4 46. h5 Be3 47. Bd3 Ke5 48. Kxc5 f5 49. b4 axb4 50. axb4 Kf4 51. Rh1 Kg4 52. b5 f4 53. b6 f3 54. b7 f2 55. Kc6 Kg3 56. Bf5 Re8 57. Bc8 Bf4 58.
Bh3 Re1 59. Bf1 Rc1 60. Rh3+ Kg4 61. Rh1 Rxc2+ 62. Kd5 Rb2 63. h6 Bxh6 64. Rxh6 Rxb7 65. Kxd4 Rb1 66. Be2+ Kg3 67. Rf6 Rb4+ 68. Ke3 Rb3+ 69.
Kd2 Rb2+ 70. Ke3 Rb3+ 71. Kd2 Rb7 72. Ke3 Re7+ 73. Kd2 Kg2 74. Bd3 Rd7 75. Ke3 Re7+ 76. Be4+ Kg1 77. Rf5 f1=Q 78. Rxf1+ Kxf1 79. Kf4 Kf2 80. Bd5 Rd7 81. Bb3 Rb7 82. Bd5 Rb4+ 83. Ke5 Rb5 84. Ke4 f5+ 85. Kd4 f4 0-1

[Event "*** Titled Tuesday Blitz"]
[Site "Chess.com"]
[Date "2019.05.07"]
[Round "2"]
[White "Vincent_Vega95"]
[Black "murmah2003"]
[Result "0-1"]
[WhiteElo "2663"]
[BlackElo "2667"]
[TimeControl "180+2"]
[EndTime "13:28:32 PDT"]
[Termination "murmah2003 won by resignation"]

1. d4 d6 2. Nf3 g6 3. c4 Bg7 4.
Nc3 Nd7 5. e4 e5 6. Be2 Ngf6 7.
O-O O-O 8. Be3 Re8 9. d5 Nh5 10. g3 Bf8 11. Ne1 Ng7 12. Nd3 f5 13. f3 Be7 14. Qd2 Rf8 15. Bh6 Nf6 16. Kg2 Qd7 17.
Kg1 fxe4 18. fxe4 Qh3 19. Nf2 Qd7 20. b4 a5 21. a3 Qe8 22. Kg2 Bd7 23. h3 Nfh5 24.
Ng4 Nf6 25. Nf2 Qf7 26. Nd3 b6 27. g4 axb4 28. axb4 Rxa1 29. Rxa1 Kh8 30. Qe3 Ng8 31. Bg5 Bxg5 32. Qxg5 h6 33. Qe3 h5 34. Rf1 Qe7 35. Rxf8 Qxf8 36. c5 bxc5 37. bxc5 hxg4 38. hxg4 Nf6 39.
Qh6+ Nh7 40. Qxg6 Qb8 41. c6 Be8 42. Qh6 Qb3 43. Qd2 Nf8 44. Nd1 Ng6 45. N1f2 Qa4 46. Qb4 Qa1 47. Qb8 Qa2 48. Bf3 Nh4+ 49. Kg3 Nxf3 50.
Kxf3 Qa5 51. Qd8 Kh7 52. Qe7 Bg6 53. Qh4+ Kg8 54. Qh6 Bh7 55. g5 Qd2 56. Qf6 Bxe4+ 57. Kg3 Qe3+ 58. Kh2 Bxd3 59. Nxd3 Qxd3 60. g6 Qd2+ 61.
Kh1 Qxd5+ 62. Kg1 Qd1+ 63. Kg2 Qd2+ 64. Kg1 Qd1+ 65. Kg2 Qg4+ 66. Kh1 Qh5+ 67. Kg1 Qg4+ 68.
Kh1 Qf5 69. Qd8+ Qf8 70. Qxc7 Qf1+ 71. Kh2 Qf2+ 72. Kh1 Qf1+ 73. Kh2 Qf2+ 74. Kh1 Qh4+ 75. Kg1 Qg5+ 76. Kh1 Qh6+ 77. Kg1 Qxg6+ 78. Kf1 Ne8 79. Qd7 Qf7+ 80. Ke1 Kf8 81. Qd8 Qc7 82. Qd7 Qxd7 83. cxd7 Ke7 0-1

[Event "*** Titled Tuesday Blitz"]
[Site "Chess.com"]
[Date "2019.05.07"]
[Round "2"]
[White "AlexandraBotez"]
[Black "aa175"]
[Result "0-1"]
[WhiteElo "1986"]
[BlackElo "1971"]
[TimeControl "180+2"]
[EndTime "13:29:21 PDT"]
[Termination "aa175 won on time"]

1. d4 Nf6 2. c4 g6 3. Nc3 c6 4. e4 d5 5. cxd5 cxd5 6. e5 Ne4 7. Nxe4 dxe4 8. Bc4 Nc6 9. Ne2 Bg7 10. O-O e6 11.
Be3 O-O 12. a3 Bd7 13. b4 Rc8 14. Rc1 Ne7 15. Qd2 Nd5 16. Ng3 Rxc4 17. Rxc4 Bb5 18. Rfc1 Bxc4 19. Rxc4 b5 20. Rc2 Nb6 21. Rc3 Nc4 22. Qc2 a5 23. h3 axb4 24. axb4 Qa8 25. Kh2 Rd8 26. Nxe4 Bf8 27. Nc5 Bxc5 28. bxc5 Qd5 29.
Qe2 Nxe5 30. Bg5 Nf3+ 31. Qxf3 Qxg5 32. c6 Qe7 33. c7 Qd6+ 34. Qg3 Qxg3+ 35. Kxg3 Rc8 36.
Kf4 f6 37. Ke4 Kf7 38. d5 Ke7 39. Kd4 e5+ 40. Kd3 Kd7 41. Rb3 Rxc7 42. Rxb5 Ra7 43. Rb3 Ra1 44. Rb7+ Kd6 45. Rxh7 Kxd5 46. Ke3 Ra3+ 47.
Ke2 Ke4 48. Rh4+ Kf5 49. g3 g5 50. Rb4 Ra2+ 51. Kf3 Ra3+ 52. Kg2 Ra2 53. g4+ Kg6 54. Rb6 Ra3 55. Rb8 Rc3 56. Rg8+ Kf7 57. Rd8 Rc7 58. f3 Rc2+ 59. Kg3 Rc1 60. Rh8 Rc3 61. h4 e4 62. h5 Rxf3+ 63. Kg2 Rf4 64. Kg3 Rf3+ 65. Kh2 Ra3 66. Rc8 e3 67. Kg2 e2 68. Kf2 Re3 69. Rc7+ Kg8 70. Rc1 Re4 71. Rg1 Kh7 72. Re1 Rxg4 73. Rxe2 Rh4 74. Re6 Kg7 75. Re7+ Kh6 76.
Rf7 Rf4+ 77. Kg3 Kxh5 78. Rg7 Kh6 79. Rg8 Kh7 80. Rf8 Kg6 81. Rg8+ Kf5 82. Ra8 Rg4+ 83.
Kf3 Rf4+ 84. Kg3 Rb4 85. Ra5+ Kg6 86. Ra6 Rb8 87. Rd6 Rf8 88. Kg4 Rh8 89. Kg3 Rh1 90. Kg2 Rh4 91. Kg3 Rf4 92. Rc6 Kh5 93. Rc8 f5 94. Rh8+ Kg6 95. Rg8+ Kf6 96. Rf8+ Kg7 97. Ra8 Rb4 98. Ra5 Rb3+ 99. Kf2 Kg6 100. Ra6+ Kh5 101. Ra5 Kg4 102. Ra4+ f4 103. Ra5 Rb2+ 104. Kf1 Kg3 105.
Rxg5+ Kf3 106. Ke1 Rb1+ 107. Kd2 Kf2 108. Rg4 f3 109. Rg5 Rb4 110. Rg4 Rxg4 0-1